[Event "December 19 Late 2023"]
[Site "https://www.chess.com"]
[Date "2023.12.19"]
[Round "7"]
[White "Troff, Kayden"]
[Black "Bellissimo, Joseph F."]
[Result "1-0"]
[Board "64"]
[TimeControl "180+1"]
[WhiteFideId "2047896"]
[BlackFideId "2609843"]
[WhiteElo "2544"]
[BlackElo "2103"]
[WhiteTeam "USA"]
[BlackTeam "CAN"]
[WhiteClock "0:00:11"]
[BlackClock "0:00:00"]

1. d4 Nf6 2. Nf3 b6 3. Bf4 Bb7 4. Nbd2 e6 5. e3 Be7 6. Bd3 O-O 7. Qe2 c5 8. c3 cxd4 9. exd4 a6 10. O-O-O d6 11. g4 Nbd7 12. g5 Nh5 13. Be3 g6 14. Nh4 b5 15. f4 Rc8 16. f5 Bxh1 17. Rxh1 b4 18. c4 Bxg5 19. fxg6 Bxe3 20. gxh7+ Kh8 21. Qxh5 Qg5 22. Qxg5 Bxg5 23. Nf3 Bh6 24. Kd1 e5 25. Ne4 f5 26. Nxd6 e4 27. Nxc8 Rxc8 28. Ke2 exd3+ 29. Kxd3 Kxh7 30. Re1 Nf6 31. Re7+ Kg8 32. Re6 Bg7 33. Rxa6 Ne4 34. c5 Nf2+ 35. Kc4 Rd8 36. c6 Ne4 37. c7 Rc8 38. Rc6 Kf7 39. Kd5 Nf6+ 40. Kc5 Bf8+ 41. Kb6 Nd5+ 42. Kb7 Ne7 43. Ne5+ Ke8 44. Re6 f4 45. d5 1-0

[Event "December 19 Late 2023"]
[Site "https://www.chess.com"]
[Date "2023.12.19"]
[Round "7"]
[White "Pakleza, Zbigniew"]
[Black "Dubessay, Bastien"]
[Result "1-0"]
[Board "65"]
[TimeControl "180+1"]
[WhiteFideId "1119290"]
[BlackFideId "650048"]
[WhiteElo "2410"]
[BlackElo "2279"]
[WhiteTeam "POL"]
[BlackTeam "FRA"]
[WhiteClock "0:00:07"]
[BlackClock "0:00:13"]

1. d4 d5 2. Bf4 Nf6 3. e3 c5 4. c3 Nc6 5. Nd2 Qb6 6. Qb3 c4 7. Qc2 g6 8. e4 Nxe4 9. Nxe4 dxe4 10. Bxc4 Bg7 11. Ne2 Na5 12. Qa4+ Bd7 13. Bxf7+ Kxf7 14. Qxd7 Qxb2 15. Qd5+ Kf8 16. O-O Qxe2 17. Qxa5 Qa6 18. Qxa6 bxa6 19. Rfe1 Rc8 20. Bd2 Kf7 21. Rxe4 Rc4 22. Rb1 Rhc8 23. Kf1 Bf6 24. Ke2 Ra4 25. Rb2 Rc7 26. Kd3 Rac4 27. g4 e6 28. f4 Be7 29. Rb1 Ra4 30. Rbe1 Rc6 31. f5 Rxa2 32. Rxe6 Rxe6 33. fxe6+ Ke8 34. d5 Bd6 35. h4 Ra5 36. c4 Ra3+ 37. Bc3 Bb4 38. Rc1 Ke7 39. Kd4 Bxc3+ 40. Rxc3 Ra1 41. Rf3 Rd1+ 42. Kc5 Rg1 43. Rf7+ Ke8 44. Kd6 Rxg4 45. c5 Rxh4 46. Rxa7 Kf8 47. e7+ Kf7 48. Ra8 Re4 49. Rf8+ 1-0

[Event "December 19 Late 2023"]
[Site "https://www.chess.com"]
[Date "2023.12.19"]
[Round "7"]
[White "Mazurkiewicz, Michal"]
[Black "Gunduz, Umut Erdem"]
[Result "0-1"]
[Board "66"]
[TimeControl "180+1"]
[WhiteFideId "1124943"]
[BlackFideId "6381383"]
[WhiteElo "2103"]
[BlackElo "2182"]
[WhiteTeam "POL"]
[BlackTeam "TUR"]
[WhiteClock "0:00:00"]
[BlackClock "0:01:27"]

1. e4 e5 2. Nf3 Nc6 3. Bb5 a6 4. Bxc6 dxc6 5. O-O Qf6 6. d4 exd4 7. Bg5 Qe6 8. Nxd4 Qg6 9. Bf4 Bh3 10. Qf3 Bg4 11. Qb3 O-O-O 12. c3 Nf6 13. f3 Bd7 14. Nd2 Nh5 15. Be3 Bd6 16. f4 c5 17. f5 Bxh2+ 18. Kxh2 Qg3+ 19. Kh1 Qxe3 20. N4f3 Ng3+ 21. Kh2 Nxf1+ 22. Rxf1 Bc6 23. Qxf7 Rxd2 24. Nxd2 Qxd2 25. Qxg7 Qd8 26. Rf4 Rg8 27. Qe5 Qg5 28. Qe6+ Bd7 29. Qxg8+ Qxg8 0-1

[Event "December 19 Late 2023"]
[Site "https://www.chess.com"]
[Date "2023.12.19"]
[Round "7"]
[White "Gutierrez Olivares, Daniel"]
[Black "Annaberdiyev, Meylis"]
[Result "0-1"]
[Board "67"]
[TimeControl "180+1"]
[WhiteFideId "2264005"]
[BlackFideId "14000563"]
[WhiteElo "2317"]
[BlackElo "2405"]
[WhiteTeam "ESP"]
[BlackTeam "TKM"]
[WhiteClock "0:00:01"]
[BlackClock "0:00:10"]

1. c4 e5 2. Nc3 Nc6 3. e3 Bb4 4. Nge2 Nf6 5. g4 e4 6. Ng3 Bxc3 7. bxc3 Ne5 8. g5 d5 9. Be2 Nfd7 10. Ba3 Qxg5 11. cxd5 Nd3+ 12. Bxd3 exd3 13. Qa4 Qxd5 14. O-O b5 15. Qb4 c5 16. Qxb5 Rb8 17. Qa4 Bb7 18. e4 Qc6 19. Qxc6 Bxc6 20. Rfe1 O-O 21. Re3 Rfe8 22. Rae1 Ne5 23. f4 Nc4 24. Bxc5 Nxe3 25. Rxe3 Red8 26. Bd4 Rb1+ 27. Kf2 Rb2 28. Rxd3 Bb5 29. c4 Bxc4 30. Bxb2 Rxd3 31. Bc3 Bxa2 32. Ne2 Bc4 33. Nd4 g6 34. e5 a6 35. Nc6 Bd5 36. Ne7+ Kf8 37. Nc8 Rf3+ 38. Ke2 Rh3 39. Bb4+ Ke8 40. Nd6+ Kd7 41. Bc3 h5 42. d3 h4 43. f5 Rxh2+ 44. Ke3 gxf5 45. Nxf5 h3 46. Kf4 Rf2+ 47. Kg3 Rxf5 0-1

[Event "December 19 Late 2023"]
[Site "https://www.chess.com"]
[Date "2023.12.19"]
[Round "7"]
[White "Melikhov, Evgeny V."]
[Black "Janaszak, Dawid"]
[Result "1-0"]
[Board "68"]
[TimeControl "180+1"]
[WhiteFideId "4122046"]
[BlackFideId "1119206"]
[WhiteElo "2165"]
[BlackElo "2218"]
[WhiteTeam "GRE"]
[BlackTeam "POL"]
[WhiteClock "0:00:08"]
[BlackClock "0:00:26"]

1. d4 d5 2. c4 e6 3. Nc3 c5 4. cxd5 cxd4 5. Qa4+ Bd7 6. Qxd4 exd5 7. Qxd5 Nf6 8. Qd1 Bc5 9. e3 Qe7 10. Nf3 Nc6 11. Be2 O-O-O 12. O-O h5 13. Nd5 Qe4 14. Nxf6 gxf6 15. Qd3 Qe7 16. b4 Rhg8 17. Qc4 Bxb4 18. g3 Kb8 19. Bb2 Bd6 20. Rfd1 h4 21. Qxh4 Ne5 22. Nxe5 Bxe5 23. Bxe5+ Qxe5 24. Qf4 Bc6 25. Rxd8+ Rxd8 26. Rd1 Rh8 27. h4 Kc7 28. Rc1 Kd8 29. Qxe5 fxe5 30. Kh2 Ke7 31. h5 Kf6 32. g4 Kg5 33. Kg3 e4 34. Rc5+ Kf6 35. g5+ Kg7 36. Bg4 Rd8 37. h6+ Kh8 38. Bf5 Rd1 39. Re5 Rg1+ 40. Kf4 Rf1 41. Bxe4 Rxf2+ 42. Kg3 Rxa2 43. Bxc6 bxc6 44. Re7 Kg8 45. Kf4 Ra5 46. e4 a6 47. e5 Rb5 48. e6 fxe6 49. g6 Rf5+ 50. Kg4 Kf8 51. Ra7 Rf6 52. Ra8+ Ke7 53. h7 Rxg6+ 54. Kf4 Rf6+ 55. Ke4 Rh6 56. h8=Q Rxh8 57. Rxh8 Kd6 58. Kd4 e5+ 59. Kc4 a5 60. Rh6+ Kc7 61. Kc5 a4 62. Rxc6+ Kb7 63. Re6 a3 64. Rxe5 1-0

[Event "December 19 Late 2023"]
[Site "https://www.chess.com"]
[Date "2023.12.19"]
[Round "7"]
[White "Sivakumar, Shaashwath"]
[Black "Kokoszczynski, Jan"]
[Result "0-1"]
[Board "69"]
[TimeControl "180+1"]
[WhiteFideId "30912156"]
[BlackFideId "1174460"]
[WhiteElo "2137"]
[BlackElo "2266"]
[WhiteTeam "USA"]
[BlackTeam "POL"]
[WhiteClock "0:00:00"]
[BlackClock "0:00:04"]

1. d4 Nf6 2. c4 g6 3. Nc3 Bg7 4. e4 O-O 5. f3 d6 6. Nge2 c6 7. Be3 a6 8. a4 a5 9. Qd2 Na6 10. Bh6 Nb4 11. Bxg7 Kxg7 12. h4 h5 13. Rd1 d5 14. cxd5 cxd5 15. e5 Ng8 16. g4 hxg4 17. h5 gxf3 18. Nf4 Bg4 19. hxg6 fxg6 20. Qh2 Rxf4 21. Qxf4 f2+ 22. Qxf2 Bxd1 23. Kxd1 Qf8 24. Qh4 Qf5 25. Be2 Qc2+ 26. Ke1 Qc1+ 27. Nd1 Qh6 28. Qxh6+ Nxh6 29. Ne3 Rc8 30. Kd2 e6 31. Rg1 Nf5 32. Nxf5+ exf5 33. Bd1 Rc4 34. Ke3 Rc1 35. Kd2 Ra1 36. Kc3 Nc6 37. Re1 Kf7 38. b3 Ke7 39. Kb2 Rxd1 40. Rxd1 g5 41. Kc3 g4 42. Kd3 Nd8 43. Ke3 Ne6 44. Rf1 Ng7 45. Kf4 Nh5+ 46. Kg5 Ng3 47. Rg1 Ne2 48. Rd1 g3 49. Rh1 g2 50. Rh7+ Ke6 51. Rh6+ Kd7 52. Rh7+ Kc6 53. Rh6+ Kc7 54. Rh7+ Kb6 55. Rh6+ Ka7 0-1

[Event "December 19 Late 2023"]
[Site "https://www.chess.com"]
[Date "2023.12.19"]
[Round "7"]
[White "Federzoni, Enzo"]
[Black "Ambartsumova, Karina"]
[Result "0-1"]
[Board "70"]
[TimeControl "180+1"]
[WhiteFideId "2173301"]
[BlackFideId "4166299"]
[WhiteElo "2053"]
[BlackElo "2240"]
[WhiteTeam "BRA"]
[BlackTeam "RUS"]
[WhiteClock "0:00:41"]
[BlackClock "0:01:00"]

1. d4 Nf6 2. Nc3 d5 3. Bf4 g6 4. e3 Bg7 5. h4 h5 6. Nf3 O-O 7. Ne5 c5 8. Be2 Nc6 9. O-O cxd4 10. exd4 Qb6 11. Nxc6 Qxc6 12. Bf3 Bf5 13. Re1 e6 14. Be5 b5 15. a3 a5 16. Rc1 b4 17. axb4 axb4 18. Ne2 Ra2 19. c4 Rxb2 20. cxd5 Qb6 21. d6 b3 22. Nc3 Rc2 23. Bxf6 Bxf6 24. Ne4 Bxd4 25. Rxc2 bxc2 26. Qxc2 Qxd6 27. Qd2 Qe5 28. Ng5 Qf6 29. Rd1 e5 30. Be4 Bxe4 31. Nxe4 Qxh4 32. Qd3 f5 33. Ng3 Rd8 34. Qb3+ Kh8 35. Rc1 Bxf2+ 36. Kxf2 Qf4+ 37. Qf3 Qxc1 38. Nxf5 Qc2+ 39. Kg1 Qxf5 0-1

[Event "December 19 Late 2023"]
[Site "https://www.chess.com"]
[Date "2023.12.19"]
[Round "7"]
[White "Domingo Nunez, Alejandro"]
[Black "Sroczynski, Maciej"]
[Result "1-0"]
[Board "71"]
[TimeControl "180+1"]
[WhiteFideId "22245561"]
[BlackFideId "1121472"]
[WhiteElo "2252"]
[BlackElo "2266"]
[WhiteTeam "ESP"]
[BlackTeam "POL"]
[WhiteClock "0:02:24"]
[BlackClock "0:01:43"]

1. e4 c5 2. d4 cxd4 3. c3 dxc3 4. Nxc3 Nc6 5. Nf3 e6 6. Bc4 a6 7. O-O Nge7 8. Bg5 f6 9. Be3 b5 10. Bb3 Ng6 11. Nd5 exd5 12. exd5 Nce5 13. d6 Bb7 14. Nxe5 fxe5 15. f4 e4 16. f5 Ne5 17. Qh5+ g6 18. fxg6 1-0

[Event "December 19 Late 2023"]
[Site "https://www.chess.com"]
[Date "2023.12.19"]
[Round "7"]
[White "Deng, Henry"]
[Black "Devagharan, Devina"]
[Result "1/2-1/2"]
[Board "72"]
[TimeControl "180+1"]
[WhiteFideId "30965454"]
[BlackFideId "2061600"]
[WhiteElo "2584"]
[BlackElo "2434"]
[WhiteTeam "USA"]
[BlackTeam "USA"]
[WhiteClock "0:02:05"]
[BlackClock "0:00:21"]

1. e4 c5 2. Nc3 d6 3. Bb5+ Bd7 4. Bxd7+ Qxd7 5. d4 cxd4 6. Qxd4 Nc6 7. Qd3 g6 8. Nf3 Bg7 9. O-O Nf6 10. Nd5 O-O 11. c3 Nxd5 12. exd5 Ne5 13. Nxe5 Bxe5 14. f4 Bg7 15. f5 Rac8 16. Bg5 h6 17. Bh4 g5 18. Bf2 a6 19. h4 g4 20. h5 b5 21. Rae1 Be5 22. Re4 Qxf5 23. Qe2 Kh8 24. Bh4 Qxh5 25. Bxe7 Qh2+ 26. Kf2 Qg3+ 27. Kg1 Qh2+ 28. Kf2 Qg3+ 29. Kg1 Qh2+ 1/2-1/2

[Event "December 19 Late 2023"]
[Site "https://www.chess.com"]
[Date "2023.12.19"]
[Round "7"]
[White "Cobysters"]
[Black "Storn, Justin"]
[Result "1/2-1/2"]
[Board "73"]
[TimeControl "180+1"]
[BlackFideId "30922720"]
[WhiteElo "2578"]
[BlackElo "2421"]
[BlackTeam "USA"]
[WhiteClock "0:01:46"]
[BlackClock "0:00:23"]

1. c4 Nf6 2. Nc3 g6 3. e4 d6 4. d4 Bg7 5. Be2 O-O 6. Nf3 e5 7. d5 a5 8. Bg5 h6 9. Bh4 Na6 10. a3 g5 11. Bg3 Nc5 12. Qc2 Bd7 13. O-O a4 14. Nd2 h5 15. f3 Bh6 16. Bf2 b6 17. b4 axb3 18. Nxb3 Na4 19. Nxa4 Bxa4 20. Qc3 Nd7 21. Nc1 f5 22. exf5 Rxf5 23. Bd3 Rf6 24. Be4 Qf8 25. Nd3 Qf7 26. Be3 Kg7 27. Nb2 Nc5 28. Bxc5 bxc5 29. Nxa4 Rxa4 30. Qb3 Ra8 31. a4 Rf4 32. a5 g4 33. g3 Rf6 34. fxg4 hxg4 35. Rxf6 Qxf6 36. Kg2 Rf8 37. Qc2 Be3 38. a6 Bd4 39. Rb1 Qf2+ 40. Qxf2 Rxf2+ 41. Kh1 Ra2 42. Rb7 Rxa6 43. Rxc7+ Kf6 44. h4 gxh3 45. Kh2 Ra4 46. Rd7 Rxc4 47. Rxd6+ Ke7 48. Re6+ Kd7 49. Kxh3 Rc3 50. Bf5 Re3 51. Rxe5+ Kd6 52. Rxe3 Bxe3 53. Be4 c4 54. Kg2 c3 55. Kf3 Bg5 56. Kg4 Bd2 57. Kf5 c2 58. Bxc2 Kxd5 59. g4 Kd6 60. Kf6 Kd7 61. Ba4+ Kd8 62. Ke6 Kc7 63. Kf5 Kd6 64. Ke4 Ke7 65. Kd3 Bg5 66. Ke4 Kf6 67. Bd7 Bh4 68. Bf5 Bg5 69. Kf3 Kg7 70. Kg2 Kf6 71. Kg3 Bh6 72. Kh4 Bg5+ 73. Kh5 Bf4 74. Be4 Bg5 75. Bf3 Bf4 76. Be2 Bg5 77. Bd1 Bf4 78. Kh4 Bg5+ 79. Kg3 Bh6 80. Kf3 Bg5 81. Ke4 Bh6 82. Kd5 Bg5 83. Kd6 Bh6 84. Kd7 Bg5 85. Ke8 Bf4 86. Kf8 Bg5 87. Kg8 Bf4 88. Kh7 Bg5 89. Bc2 Bf4 1/2-1/2

[Event "December 19 Late 2023"]
[Site "https://www.chess.com"]
[Date "2023.12.19"]
[Round "7"]
[White "Lopusiewicz, Piotr"]
[Black "Estrada Nieto, Julian"]
[Result "0-1"]
[Board "74"]
[TimeControl "180+1"]
[WhiteFideId "1116029"]
[BlackFideId "5101018"]
[WhiteElo "2286"]
[BlackElo "2161"]
[WhiteTeam "POL"]
[BlackTeam "ESP"]
[WhiteClock "0:00:01"]
[BlackClock "0:01:24"]

1. d4 d5 2. c4 dxc4 3. e3 Nf6 4. Bxc4 e6 5. Nf3 a6 6. O-O c5 7. Be2 Nc6 8. dxc5 Bxc5 9. Qxd8+ Kxd8 10. Nc3 Ke7 11. b3 Bd7 12. Na4 Bd6 13. Nb6 Rad8 14. Rd1 Bc5 15. Nxd7 Rxd7 16. Rxd7+ Nxd7 17. Bb2 f6 18. Rc1 Bd6 19. Nd2 Rc8 20. Ne4 Bb4 21. a3 Bd6 22. Nxd6 Kxd6 23. Kf1 Rc7 24. f3 e5 25. b4 Ne7 26. Rxc7 Kxc7 27. Bd3 g6 28. Ke2 Kd6 29. h4 f5 30. g4 Nf6 31. gxf5 Nxf5 32. f4 Nd7 33. Bxf5 gxf5 34. Kf3 e4+ 35. Ke2 Kd5 36. Kd2 Nb6 37. Kc3 Na4+ 38. Kb3 Nxb2 39. Kxb2 Kc4 40. Kc2 b5 41. h5 h6 42. Kd2 Kb3 0-1

[Event "December 19 Late 2023"]
[Site "https://www.chess.com"]
[Date "2023.12.19"]
[Round "7"]
[White "Keleberda, Tymur"]
[Black "Blanco Diez, David"]
[Result "1-0"]
[Board "75"]
[TimeControl "180+1"]
[WhiteFideId "14174294"]
[BlackFideId "32032927"]
[WhiteElo "2198"]
[BlackElo "2170"]
[WhiteTeam "CAN"]
[BlackTeam "ESP"]
[WhiteClock "0:00:40"]
[BlackClock "0:00:02"]

1. e4 c5 2. Nf3 e6 3. c3 d5 4. exd5 Qxd5 5. d4 Nf6 6. Na3 a6 7. Nc2 Nc6 8. Be2 Be7 9. Bf4 O-O 10. O-O Rd8 11. Bg3 cxd4 12. Ncxd4 Nh5 13. Nxc6 Qxc6 14. Nd4 Qb6 15. Bxh5 Qxb2 16. Qf3 g6 17. Bg4 f5 18. Bh3 Bf6 19. Rae1 Qxa2 20. Be5 Bg5 21. Rd1 Qc4 22. Qg3 Be7 23. Qf4 b5 24. Qh6 Bf8 25. Qg5 Rd7 26. Nf3 Raa7 27. Rd4 Rxd4 28. Bxd4 Rd7 29. Ne5 Qc7 30. Nxd7 Qxd7 1-0

[Event "December 19 Late 2023"]
[Site "https://www.chess.com"]
[Date "2023.12.19"]
[Round "7"]
[White "Bold, Andre"]
[Black "Gurevich, Dmitry"]
[Result "0-1"]
[Board "76"]
[TimeControl "180+1"]
[WhiteFideId "16208471"]
[BlackFideId "2000407"]
[WhiteElo "2110"]
[BlackElo "2506"]
[WhiteTeam "GER"]
[BlackTeam "USA"]
[WhiteClock "0:00:04"]
[BlackClock "0:00:43"]

1. Nf3 Nf6 2. g3 d5 3. Bg2 c6 4. O-O Bf5 5. d3 h6 6. Nbd2 e6 7. Qe1 Be7 8. e4 Bh7 9. b3 O-O 10. Bb2 a5 11. a3 Na6 12. h4 dxe4 13. Nxe4 Nxe4 14. dxe4 Nc5 15. Nd2 Qb6 16. Nc4 Qa6 17. Rd1 a4 18. Qe3 axb3 19. cxb3 Qb5 20. Qc3 Bf6 21. e5 Be7 22. Nd6 Qxb3 23. Qxb3 Nxb3 24. Nxb7 Bxa3 25. Bxa3 Rxa3 26. Bxc6 Bc2 27. Rd6 Rc8 28. Bg2 g5 29. hxg5 hxg5 30. f4 g4 31. Rd7 Rc3 32. Kh2 Nc5 33. Nxc5 Rxc5 34. Rg1 Bf5 35. Bf1 Rc2+ 36. Rg2 Rc1 37. Bb5 Be4 38. Rd4 Bxg2 0-1

[Event "December 19 Late 2023"]
[Site "https://www.chess.com"]
[Date "2023.12.19"]
[Round "7"]
[White "Akhayan, Ruben"]
[Black "Ferreira, Vitor Hugo Vieira"]
[Result "1-0"]
[Board "77"]
[TimeControl "180+1"]
[WhiteFideId "204439"]
[BlackFideId "2119765"]
[WhiteElo "2141"]
[BlackElo "2123"]
[WhiteTeam "BEL"]
[BlackTeam "BRA"]
[WhiteClock "0:00:08"]
[BlackClock "0:01:13"]

1. e4 c5 2. Nf3 d6 3. d4 cxd4 4. Nxd4 Nf6 5. Nc3 a6 6. Bc4 e6 7. Bb3 b5 8. O-O Nbd7 9. f4 Qc7 10. f5 Nc5 11. Kh1 Nxb3 12. axb3 Rb8 13. Qf3 e5 14. Nde2 h6 15. Ng3 h5 16. Bg5 h4 17. Nge2 h3 18. g3 Bb7 19. Bxf6 gxf6 20. Nd5 Bxd5 21. exd5 Bh6 22. Rxa6 Ke7 23. Rc6 Qa7 24. Nc3 Rhc8 25. Rxc8 Rxc8 26. Nxb5 Qa2 27. Qf2 Qxb2 28. Qa7+ Kf8 29. Nxd6 Kg7 30. Qxf7+ Kh8 31. Qxf6+ Bg7 32. Qh4+ Kg8 33. Nxc8 Qxc2 34. Ne7+ Kf7 35. Rg1 Bf6 36. Qh7+ Ke8 37. Qg8+ Kd7 38. Qe6+ Kd8 39. Nc6+ Kc7 40. Qf7+ Kb6 41. Qa7+ Kb5 42. Qa5# 1-0

[Event "December 19 Late 2023"]
[Site "https://www.chess.com"]
[Date "2023.12.19"]
[Round "7"]
[White "O`Gorman, Tom"]
[Black "Grapsa, Georgia"]
[Result "1-0"]
[Board "78"]
[TimeControl "180+1"]
[WhiteFideId "2508249"]
[BlackFideId "4206436"]
[WhiteElo "2288"]
[BlackElo "1794"]
[WhiteTeam "IRL"]
[BlackTeam "GRE"]
[WhiteClock "0:00:26"]
[BlackClock "0:00:20"]

1. d4 d5 2. c4 e6 3. Nc3 f5 4. Nf3 Nf6 5. Bf4 c6 6. Qc2 Bd6 7. Bxd6 Qxd6 8. e3 O-O 9. Bd3 Ne4 10. O-O Nd7 11. Rab1 a5 12. a3 b6 13. b4 axb4 14. axb4 Qe7 15. b5 Bb7 16. bxc6 Bxc6 17. cxd5 Bxd5 18. Nxe4 fxe4 19. Bxe4 Bxe4 20. Qxe4 Nf6 21. Qc6 Nd5 22. Ne5 Rac8 23. Qd7 Qf6 24. Qd6 Rcd8 25. Qa3 Qh4 26. Qd3 Rf5 27. f4 Rdf8 28. Rf3 Qe7 29. Qb3 Kh8 30. e4 Rxe5 31. fxe5 Nf4 32. Rbf1 Qh4 33. Qc2 g5 34. g3 Nh3+ 35. Kg2 1-0

[Event "December 19 Late 2023"]
[Site "https://www.chess.com"]
[Date "2023.12.19"]
[Round "7"]
[White "Vafin, Ayrat"]
[Black "Korol, Dimitry"]
[Result "1-0"]
[Board "79"]
[TimeControl "180+1"]
[WhiteFideId "4146530"]
[BlackFideId "14108003"]
[WhiteElo "2317"]
[BlackElo "2262"]
[WhiteTeam "RUS"]
[BlackTeam "UKR"]
[WhiteClock "0:00:20"]
[BlackClock "0:00:00"]

1. Nf3 c5 2. g3 g6 3. Bg2 Bg7 4. d4 cxd4 5. Nxd4 Nc6 6. Nxc6 bxc6 7. c4 Nf6 8. O-O O-O 9. Nc3 d6 10. Qc2 Rb8 11. Rb1 Be6 12. b3 d5 13. Bf4 Rc8 14. Rbd1 Qa5 15. Bd2 Qa6 16. Na4 Bf5 17. Qc1 dxc4 18. Nc5 Qxa2 19. Qxc4 Rfd8 20. Bc3 Rxd1 21. Rxd1 h5 22. e4 Bg4 23. Ra1 Qc2 24. h3 Bd7 25. Rxa7 Be8 26. Rxe7 1-0

[Event "December 19 Late 2023"]
[Site "https://www.chess.com"]
[Date "2023.12.19"]
[Round "7"]
[White "Nielsen, Viktor Haarmark"]
[Black "Osmak, Yuliia"]
[Result "0-1"]
[Board "80"]
[TimeControl "180+1"]
[WhiteFideId "1444492"]
[BlackFideId "14101602"]
[WhiteElo "2315"]
[BlackElo "2303"]
[WhiteTeam "DEN"]
[BlackTeam "UKR"]
[WhiteClock "0:00:11"]
[BlackClock "0:00:32"]

1. c4 f5 2. Nc3 Nf6 3. d3 d6 4. e4 e5 5. f4 Nc6 6. Nf3 fxe4 7. dxe4 exf4 8. Bxf4 Bg4 9. h3 Bxf3 10. Qxf3 Ne5 11. Qf2 Be7 12. O-O-O Nfd7 13. Be3 Bf6 14. Nd5 O-O 15. Qd2 Bh4 16. Be2 Nb6 17. b3 Nxd5 18. exd5 a5 19. Rhf1 a4 20. Rxf8+ Qxf8 21. Rf1 Qe8 22. b4 a3 23. Qd4 Bf6 24. Qe4 Nxc4 25. Qxe8+ Rxe8 26. Bxc4 Rxe3 27. Kd2 Rg3 28. Rf2 Bc3+ 29. Ke2 Bxb4 30. Bb5 Bc5 31. Rf3 Rxg2+ 32. Kd3 Rxa2 33. Bd7 g5 34. Be6+ Kg7 35. Rf7+ Kg6 36. Rxc7 Rb2 37. Rc8 a2 38. Ra8 Rb3+ 39. Kc2 Ra3 40. Rg8+ Kf6 41. Rf8+ Ke5 0-1

[Event "December 19 Late 2023"]
[Site "https://www.chess.com"]
[Date "2023.12.19"]
[Round "7"]
[White "Pace, Christopher"]
[Black "Perea Fruet, Lorenzo"]
[Result "0-1"]
[Board "81"]
[TimeControl "180+1"]
[WhiteFideId "2610167"]
[BlackFideId "24595870"]
[WhiteElo "2369"]
[BlackElo "2268"]
[WhiteTeam "CAN"]
[BlackTeam "ESP"]
[WhiteClock "0:01:31"]
[BlackClock "0:02:27"]

1. e4 b6 2. d4 Bb7 3. Nc3 e6 4. a3 Nf6 5. Bd3 d5 6. e5 Nfd7 7. Nce2 c5 8. c3 Ba6 9. f4 Bxd3 10. Qxd3 g6 11. Nf3 Nc6 12. O-O Bg7 13. f5 gxf5 14. Nf4 h5 15. Be3 c4 16. Qe2 Nf8 17. Nd2 Qh4 18. g3 Qg4 19. Qg2 Bh6 20. h3 Qg8 21. Nxh5 Bxe3+ 0-1

[Event "December 19 Late 2023"]
[Site "https://www.chess.com"]
[Date "2023.12.19"]
[Round "7"]
[White "Cervantes Landeiro, Thalia"]
[Black "Gallegos Diaz, Carlos Alberto"]
[Result "0-1"]
[Board "82"]
[TimeControl "180+1"]
[WhiteFideId "3520498"]
[BlackFideId "3900886"]
[WhiteElo "2189"]
[BlackElo "2362"]
[WhiteTeam "USA"]
[BlackTeam "VEN"]
[WhiteClock "0:00:00"]
[BlackClock "0:00:16"]

1. d4 d6 2. c4 e5 3. d5 Nf6 4. Nc3 Be7 5. e4 O-O 6. Bd3 Ne8 7. f3 g6 8. Nge2 Ng7 9. h4 f5 10. h5 f4 11. hxg6 hxg6 12. g3 fxg3 13. Nxg3 Bh4 14. Kf2 Nh5 15. Rxh4 Qxh4 16. Qg1 Bg4 17. Be2 Nd7 18. Bh6 Rf4 19. Bxf4 exf4 20. fxg4 Nxg3 21. Kg2 Ne5 22. Qh2 Qg5 23. Qh3 Kg7 24. Rh1 Nxh1 25. Qxh1 Nxg4 26. Kf1 Ne3+ 27. Ke1 Rf8 28. Qf3 Ng2+ 29. Kd2 Nh4 30. Qd3 f3+ 31. Kc2 fxe2 32. Nxe2 Rf2 33. Qd4+ Qf6 34. Qe3 Qf3 35. Qd4+ Kh7 0-1

[Event "December 19 Late 2023"]
[Site "https://www.chess.com"]
[Date "2023.12.19"]
[Round "7"]
[White "Obon Temprano, Sergi"]
[Black "Benedetti, Julio"]
[Result "1/2-1/2"]
[Board "83"]
[TimeControl "180+1"]
[WhiteFideId "2226545"]
[BlackFideId "172545"]
[WhiteElo "2135"]
[BlackElo "2299"]
[WhiteTeam "ESP"]
[BlackTeam "ARG"]
[WhiteClock "0:00:16"]
[BlackClock "0:00:14"]

1. d4 Nf6 2. Nf3 g6 3. c3 Bg7 4. Bg5 d6 5. Nbd2 Nbd7 6. e4 O-O 7. Bc4 e5 8. dxe5 Nxe5 9. Nxe5 dxe5 10. h3 Qd6 11. Qe2 h6 12. Be3 Nh5 13. O-O Nf4 14. Bxf4 exf4 15. Rad1 Qb6 16. Bb3 a5 17. Nc4 Qc6 18. Na3 Re8 19. Bd5 Qb6 20. Qb5 Qxb5 21. Nxb5 Be5 22. Nd4 c6 23. Bb3 a4 24. Bc2 a3 25. b4 f3 26. Bb3 fxg2 27. Kxg2 g5 28. Rd3 h5 29. Rf3 Re7 30. Nf5 Bxf5 31. Rxf5 Bf4 32. f3 Rd8 33. Rd1 Rxd1 34. Bxd1 Rd7 35. Bb3 h4 36. Kf1 Kf8 37. Ke1 Ke8 38. Bc4 Bd2+ 39. Ke2 Bxc3 40. b5 Bd2 41. bxc6 bxc6 42. Bxf7+ Kd8 43. Bb3 Bf4 44. Rf8+ Kc7 45. Rf7 Rxf7 46. Bxf7 Kd6 47. Kd3 Kc5 48. Bb3 Be5 49. Be6 Kb4 50. Bb3 Kc5 51. Be6 Kb4 52. Bb3 Kc5 1/2-1/2

[Event "December 19 Late 2023"]
[Site "https://www.chess.com"]
[Date "2023.12.19"]
[Round "7"]
[White "Munoz Sanchez, Miguel"]
[Black "Shapiro, Viktor"]
[Result "0-1"]
[Board "84"]
[TimeControl "180+1"]
[WhiteFideId "3600734"]
[BlackFideId "4175700"]
[WhiteElo "2124"]
[BlackElo "2044"]
[WhiteTeam "ECU"]
[BlackTeam "RUS"]
[WhiteClock "0:00:02"]
[BlackClock "0:00:47"]

1. d4 Nf6 2. Nf3 c5 3. c4 cxd4 4. Nxd4 Nc6 5. Nc2 g6 6. g3 Bg7 7. Bg2 O-O 8. Nc3 d6 9. O-O Be6 10. b3 a6 11. Bb2 Rc8 12. Rc1 Qa5 13. e4 b5 14. cxb5 axb5 15. Ne3 b4 16. Na4 Rfd8 17. Nd5 Bxd5 18. exd5 Ne5 19. Bd4 Rxc1 20. Qxc1 Nxd5 21. Qa1 Bf6 22. Rd1 Rc8 23. f4 Ng4 24. Bxd5 Qxd5 25. Bxf6 Qf3 26. Rf1 Qe3+ 27. Kg2 Rc2+ 28. Kh3 h5 29. Rh1 Qf2 30. Qg1 Qxg1 31. Rxg1 Rxh2# 0-1

[Event "December 19 Late 2023"]
[Site "https://www.chess.com"]
[Date "2023.12.19"]
[Round "7"]
[White "Rangel, Daniel"]
[Black "Paragua, Megan Althea"]
[Result "0-1"]
[Board "85"]
[TimeControl "180+1"]
[WhiteFideId "2124475"]
[BlackFideId "30973007"]
[WhiteElo "2267"]
[BlackElo "1961"]
[WhiteTeam "BRA"]
[BlackTeam "USA"]
[WhiteClock "0:00:09"]
[BlackClock "0:00:08"]

1. c4 Nf6 2. g3 e6 3. Bg2 d5 4. Nf3 Be7 5. O-O O-O 6. b3 b6 7. Bb2 Bb7 8. d3 Nbd7 9. Nbd2 c5 10. Ne5 Qc7 11. Ndf3 d4 12. Nxd7 Nxd7 13. Qd2 e5 14. e4 Bc6 15. h4 f5 16. Ng5 Bxg5 17. Qxg5 fxe4 18. dxe4 Qd6 19. f4 h6 20. Qg4 Nf6 21. Qg6 Be8 22. Qf5 g6 23. Qxe5 Qxe5 24. fxe5 Nd7 25. e6 Ne5 26. Rxf8+ Kxf8 27. Bc1 Ke7 28. Bxh6 Kxe6 29. Bh3+ Kd6 30. Bf4 Bc6 31. Kf2 Rf8 32. Re1 Rxf4+ 33. gxf4 Nd3+ 34. Ke2 Nxe1 35. Kxe1 Bxe4 36. Kd2 Ke7 37. a3 Kf6 38. b4 Bf5 39. Bg2 Bc8 40. Be4 Be6 41. Kd3 Bf5 42. a4 Bxe4+ 43. Kxe4 Ke6 44. a5 Kf6 45. a6 Ke6 46. b5 Kf6 47. Kd5 d3 48. Kc6 d2 49. Kb7 d1=Q 50. Kxa7 Qa4 51. Kxb6 Qxc4 52. a7 Qd5 53. Ka6 c4 54. b6 c3 55. b7 Qc6+ 56. Ka5 Qxb7 57. a8=Q Qxa8+ 0-1